 Dungeon Crawl Stone Soup version 0.23.1-37-gaa34b87 (webtiles) character file.

Game seed: 13524112877154034333

466 Borgoz the Ducker (level 7, -1/50 HPs)
             Began as a Ghoul Enchanter on Mar 21, 2019.
             Killed by divine providence
             ... invoked by an orc priest
              (7 damage)
             ... on level 4 of the Dungeon.
             The game lasted 00:11:06 (4088 turns).

Borgoz the Ducker (Ghoul Enchanter)                 Turns: 4088, Time: 00:11:07

Health: -1/50      AC: 11    Str: 17    XL:     7   Next: 8%
Magic:  0/8        EV: 13    Int: 10    God:
Gold:   157        SH:  0    Dex: 11    Spells: 3/9 levels left

rFire    . . .     SeeInvis .   u - +1 short sword
rCold    + . .     Gourm    .   (no shield)
rNeg     + + +     Faith    .   j - +3 leather armour
rPois    ∞         Spirit   +   r - +2 helmet
rElec    .         Reflect  .   i - +1 cloak
rCorr    .         Harm     .   (no gloves)
MR       .....                  (no boots)
Stlth    ++........             e - amulet of guardian spirit
HPRegen  0.00/turn              (no ring)
MPRegen  0.11/turn              (no ring)

@: mighty, rotting
A: rotting body, claws 1, carnivore, cold resistance 1, negative energy
resistance 3, inhibited regeneration, torment resistance, unbreathing
a: no special abilities


You were on level 4 of the Dungeon.
You were not hungry.

You visited 1 branch of the dungeon, and saw 4 of its levels.

You collected 157 gold pieces.

Inventory:

Hand Weapons
 u - a +1 short sword (weapon)
Armour
 i - a +1 cloak (worn)
 j - a +3 leather armour (worn)
 r - a +2 helmet (worn)
Jewellery
 e - an amulet of guardian spirit (around neck)
Scrolls
 b - 2 scrolls of identify
 m - 3 scrolls of fog
 p - 2 scrolls of remove curse
Potions
 g - 3 potions of curing
 n - a potion of ambrosia
Comestibles
 d - 8 rations


   Skills:
 * Level 3.3 Short Blades
 * Level 3.2 Armour
 * Level 3.9 Dodging
 - Level 3.3 Stealth
 - Level 1.7 Spellcasting
 + Level 3.2 Hexes


You had 3 spell levels left.
You knew the following spells:

 Your Spells              Type           Power        Failure   Level  Hunger
a - Corona                Hex            #......      11%         1    ##.....
b - Ensorcelled Hibernat  Hex/Ice        #.....       30%         2    ###....
c - Confuse               Hex            #.......     30%         3    ####...

Your spell library contained the following spells:

 Spells                   Type           Power        Failure   Level  Hunger
 Tukima's Dance           Hex            #.......     30%         3    ####...
 Dazzling Spray           Conj/Hex       #.....       52%         3    ####...


Dungeon Overview and Level Annotations

Branches:
Dungeon (4/15)
 Temple: D:4-7

Altars:
Fedhas

Annotations:
D:4 Eustachio


Innate Abilities, Weirdness & Mutations

Your body is rotting away.
You thrive on raw meat.
You are immune to poison.
You have sharp fingernails.
You are carnivorous and can eat meat at any time.
Your flesh is cold resistant. (rC+)
You are immune to negative energy. (rN+++)
You do not regenerate when monsters are visible.
You are immune to unholy pain and torment.
You can survive without breathing.


Message History

The orc priest is heavily wounded.
You closely miss the orc priest.
The orc priest is heavily wounded.
The orc priest invokes the aid of Beogh against you.
Beogh smites you!
* * * LOW HITPOINT WARNING * * *
You closely miss the orc priest.
The orc priest is heavily wounded.
The orc priest completely misses you.
You hit the orc priest.
The orc priest is severely wounded.
The orc priest hits you but does no damage.
You hit the orc priest.
The orc priest is severely wounded.
The orc priest casts a cantrip, but nothing happens.
You closely miss the orc priest.
The orc priest is severely wounded.
The orc priest mumbles some strange prayers to Beogh against you.
Beogh smites you!
You die...

##...##########.###
##.## #.#
#.###########.#
#..........##.###
##########.......
##.########.###
##...........#
#.#######.#.#.########
#.....o@)...##.#
#########.###.##
##.#.## ##.## ###


You could see an orc priest.

Vanquished Creatures
  Grinder (D:4)
  3 orc wizards
  A hound skeleton (D:4)
  3 gnolls
  3 adders
  An ooze (D:1)
  4 worms
  A dart slug (D:1)
  A leopard gecko (D:4)
  12 orcs
  2 ball pythons
  5 giant cockroaches
  3 hobgoblins (D:1)
  3 jackals (D:3)
  9 kobolds
  A quokka (D:2)
  9 bats
  4 frilled lizards
  12 goblins
  8 rats
86 creatures vanquished.

Notes
Turn   | Place    | Note
-------+----------+-------------------------------------------
     0 | D:1      | Borgoz the Ghoul Enchanter began the quest for the Orb.
     0 | D:1      | Reached XP level 1. HP: 14/14 MP: 2/2
    30 | D:1      | Reached skill level 1 in Short Blades
   304 | D:1      | Noticed an ogre
   405 | D:1      | Reached XP level 2. HP: 20/20 MP: 3/3
   410 | D:1      | Learned a level 2 spell: Ensorcelled Hibernation
  1148 | D:2      | Found a blossoming altar of Fedhas.
  1164 | D:2      | Reached skill level 1 in Armour
  1228 | D:1      | Reached XP level 3. HP: 23/26 MP: 4/4
  1770 | D:2      | Found a faded altar of an unknown god.
  1905 | D:2      | Reached XP level 4. HP: 22/33 MP: 5/5
  2169 | D:2      | Learned a level 3 spell: Confuse
  2905 | D:2      | Reached XP level 5. HP: 28/38 MP: 2/6
  3656 | D:4      | Noticed Eustachio
  3814 | D:4      | Noticed Grinder
  3814 | D:4      | Paralysed by Grinder for 3 turns
  3842 | D:4      | Reached XP level 6. HP: 34/45 MP: 4/7
  3867 | D:4      | Paralysed by Grinder for 6 turns
  3912 | D:4      | Killed Grinder
  3983 | D:4      | Reached XP level 7. HP: 25/49 MP: 5/8
  4088 | D:4      | Killed from afar by an orc priest

Skill      XL: |  1  2  3  4  5  6 |
---------------+-------------------+-----
Short Blades   | 1 2 3 |  3.3
Dodging        | 2 3 |  3.9
Armour         | 1 2 3 |  3.2
Hexes          | 3 |  3.2
Stealth        | |  3.3
Spellcasting   | |  1.7

Action                   |  1- 3 |  4- 6 |  7- 9 || total
-------------------------+-------+-------+-------++-------
Melee: Dagger            |   148 |    78 |       ||   226
       Short sword       |       |   238 |    50 ||   288
 Cast: Ensorcelled Hiber |     7 |     3 |       ||    10
  Use: Scroll            |       |    12 |       ||    12
       Potion            |       |     4 |     2 ||     6
 Stab: Sleeping          |    13 |     5 |       ||    18
       Distracted        |       |     1 |       ||     1
  Eat: Chunk             |     6 |    19 |     8 ||    33
Armor: Robe              |    16 |       |       ||    16
       Leather armour    |    13 |   111 |    16 ||   140
Dodge: Dodged            |    80 |   165 |    53 ||   298
